 Dungeon Crawl Stone Soup version 0.31.0-10-gcf4a605ca0 (webtiles) character file.

Game seed: 8705903803797057127

5182 Amaterasu the Mimic (level 10, -2/92 HPs)
             Began as a Troll Shapeshifter on Jan 25, 2024.
             Was a Priest of Makhleb.
             Slain by a killer bee (5 damage)
             ... on level 8 of the Dungeon.
             The game lasted 00:11:39 (5802 turns).

Amaterasu the Mimic (Troll Shapeshifter)            Turns: 5802, Time: 00:11:41

Health: -2/92      AC:  7    Str: 28    XL:     10   Next: 34%
Magic:  9/10       EV: 15    Int:  6    God:    Makhleb [***...]
Gold:   423        SH:  0    Dex:  9    Spells: 9/9 levels left

rFire   . .          .
                       - Unarmed
rCold   . . .        (shield currently unavailable)
rNeg    . . .        a - +1 animal skin
rPois   .            (helmet restricted)
rElec   .            (no cloak)
rCorr   .            (gloves unavailable)
SInv    .            (boots unavailable)
Will    .....        (no amulet)
Stlth   +            f - +4 ring of protection
HPRegen 1.15/turn    h - +5 ring of evasion
MPRegen 0.12/turn

%: no passive effects
@: mighty, lethally poisoned (-2 -> -6), blade hands
A: large, unfitting armour, (claws 3), regeneration 1, shaggy fur 1, tough skin
1
a: Begin Untransformation, Renounce Religion, Minor Destruction, Lesser Servant
of Makhleb


You were on level 8 of the Dungeon.
You worshipped Makhleb.
Makhleb was most pleased with you.
You had blades for hands.
You visited 2 branches of the dungeon, and saw 9 of its levels.
You also visited: Sewer.

You collected 423 gold pieces.

Inventory:

Missiles
 i - 3 throwing nets (quivered)
Armour
 a - a +1 animal skin (worn)
 w - the +5 kite shield of Wubi Hann {rPois Str+2}
   (You acquired it on level 5 of the Dungeon)

   Str+2:     It affects your strength (+2).
   rPois:     It protects you from poison
 C - a +0 helmet
Jewellery
 e - a ring of fire
 f - a +4 ring of protection (left blade hand)
 h - a +5 ring of evasion (right blade hand)
 t - a ring of see invisible
 u - a ring of protection from cold
 A - a ring of magical power
 E - an amulet of faith
Talismans
 c - a beast talisman
 d - a flux talisman
 v - a blade talisman (active)
Wands
 x - a wand of acid (19)
 z - a wand of iceblast (3)
Scrolls
 l - 2 scrolls of immolation
 o - 3 scrolls of fear
 p - a scroll of teleportation
 y - 2 scrolls of poison
 F - a scroll of enchant weapon {unknown}
Potions
 b - a potion of resistance
 j - 3 potions of enlightenment
 k - 4 potions of invisibility
 m - 2 potions of heal wounds {unknown}
 n - a potion of degeneration {unknown}
 q - 2 potions of curing {unknown}
 r - a potion of cancellation {unknown}
 s - 3 potions of berserk rage {unknown}
 B - a potion of magic {unknown}
 D - 2 potions of haste {unknown}
 G - a potion of mutation {unknown}


   Skills:
 * Level 4.1 Fighting
 - Level 3.0 Dodging
 + Level 10.0 Unarmed Combat
 * Level 1.3 Invocations
 - Level 12.3 Shapeshifting


You had 9 spell levels left.
You didn't know any spells.
Your spell library contained the following spells:

 Spells                   Type           Power      Damage    Failure   Level
 Magic Dart               Conj           0%         1d3       45%         1
 Sting                    Conj/Alch      0%         1d3       45%         1
 Scorch                   Fire           0%         2d5       58%         2
 Searing Ray              Conj           0%         2d4       58%         2
 Static Discharge         Conj/Air       0%         3-3/arc   58%         2
 Airstrike                Air            0%         2d(0-16)  99%         4
 Flame Wave               Conj/Fire      0%         2d4       99%         4
 Fulminant Prism          Conj/Alch      0%         3d5       99%         4
 Leda's Liquefaction      Alch/Erth      0%         N/A       99%         4
 Summon Blazeheart Golem  Fire/Summ      0%         N/A       99%         4
 Summon Lightning Spire   Summ/Air       0%         N/A       99%         4
 Lee's Rapid Deconstruct  Erth           0%         3d4*      100%        5
 Bombard                  Conj/Erth      0%         9d1       100%        6
 Summon Cactus Giant      Summ           0%         N/A       100%        6
 Orb of Destruction       Conj           0%         9d5       100%        7
 Spellforged Servitor     Conj/Summ      0%         N/A       100%        7


Dungeon Overview and Level Annotations

Branches:
Dungeon (8/15)             Temple (1/1) D:4           Sewer (visited)
   Lair: D:8-11

Altars:
Ashenzari
Cheibriados
Elyvilon
Fedhas
Gozag
Hepliaklqana
Kikubaaqudgha
Makhleb
Okawaru
Qazlal
Ru
Sif Muna
Trog
Uskayaw
Vehumet
Wu Jian
Xom
Yredelemnul
Zin
The Shining One

Shops:
D:2 (   D:7 !


Innate Abilities, Weirdness & Mutations

You have blades for hands.
You are incapable of wielding weapons or throwing items.
You are too large for most types of armour.
((You have claws for hands.))
Your natural rate of healing is unusually fast.
You are covered in fur. (AC +1)
You have tough skin. (AC +1)


Message History

You kill the killer bee!
Makhleb accepts your kill.
You feel better.
You feel sick. The killer bee stings you. The killer bee completely misses you.
You miss the killer bee.
You feel sick.
You are no longer poisoned.
The killer bee stings you.
* * * LOW HITPOINT WARNING * * *
The killer bee stings you.
* * * LOW HITPOINT WARNING * * *
You are poisoned.
The killer bee poisons you! The killer bee stings you.
* * * LOW HITPOINT WARNING * * *
You are more poisoned.
The killer bee poisons you! The killer bee stings you!
* * * LOW HITPOINT WARNING * * *
You are lethally poisoned!
The killer bee poisons you!
You feel very mighty all of a sudden.
* * * LOW HITPOINT WARNING * * *
You feel very sick. The killer bee misses you.
The killer bee stings you but does no damage.
The killer bee misses you. x2
Unknown command.
You slice the killer bee!!
You kill the killer bee!
Makhleb accepts your kill.
You feel better.
* * * LOW HITPOINT WARNING * * *
You feel very sick. The killer bee closely misses you.
Your Unarmed Combat skill increases to level 10!
You closely miss the killer bee.
* * * LOW HITPOINT WARNING * * *
You feel very sick. The killer bee stings you.
* * * LOW HITPOINT WARNING * * *
The killer bee stings you.
You die...

.#..#........#>..####
.......##........#
.......#..#......# #......
..........###....# #.y....
##.......##......#
.......###...............#
#....y............##....#
.##y.....#..##....#####.##
.....$...##yy@....# ###
.......y.#†.#####.#
.........##.#####.##.##
?........##..##<.......
.............#...####..
.#.............### ##.#
#.....[.#..##.#####..#
#......######..).....####
##......#....).).#....#.#


You could see 2 killer bees.

Vanquished Creatures
  The ghost of Leszczynek the Chopper, a novice FoCA of Uskayaw (D:5)
  Prince Ribbit (D:5)
  Sigmund (D:5)
  A wyvern (D:7)
  A water moccasin (D:7)
  Duvessa (D:5)
  2 ice beasts (D:7)
  An orc warrior (D:8)
  A sky beast (D:7)
  A black bear (D:6)
  2 centaurs
  2 kobold brigands
  2 gnoll sergeants
  5 scorpions
  5 bullfrogs
  7 wights
  Dowan (D:5)
  8 killer bees
  4 howler monkeys
  3 hounds (D:5)
  A bombardier beetle (D:5)
  3 jellies
  5 orc priests
  A sleepcap (D:6)
  A gnoll bouda (D:6)
  2 iguanas
  5 orc wizards
  22 gnolls
  15 adders
  A river rat (Sewer)
  2 shadow imps
  A white imp (D:6)
  3 ribbon worms (D:3)
  A dart slug (D:1)
  23 orcs
  16 ball pythons
  4 endoplasms
  A giant cockroach (D:4)
  3 goblins
  9 hobgoblins
  3 jackals (D:3)
  2 quokkas
  6 bats
  5 frilled lizards
  24 kobolds
  34 rats
  A butterfly (D:4)
244 creatures vanquished.

Vanquished Creatures (others)
  A sky beast (D:8)
1 creature vanquished.

Grand Total: 245 creatures vanquished

Notes
Turn   | Place    | Note
-------+----------+-------------------------------------------
     0 | D:1      | Amaterasu the Troll Shapeshifter began the quest for the
                  | Orb.
     0 | D:1      | Reached XP level 1. HP: 18/18 MP: 0/0
   161 | D:1      | Reached XP level 2. HP: 25/26 MP: 1/1
   211 | D:1      | Reached skill level 1 in Fighting
   261 | D:1      | Found a faded altar of an unknown god.
   285 | D:1      | Got Plato's Compilation of Wounds
   648 | D:2      | Found Doummost's Antique Weapon Shoppe.
   696 | D:2      | Found a snail-covered altar of Cheibriados.
  1008 | D:2      | Reached XP level 3. HP: 33/33 MP: 2/2
  1323 | D:3      | Found a glowing drain.
  1342 | Sewer    | Entered a sewer
  1420 | Sewer    | Reached XP level 4. HP: 41/41 MP: 3/3
  1529 | Sewer    | Noticed a bullfrog
  1530 | Sewer    | Noticed a bullfrog
  1538 | Sewer    | Killed a bullfrog
  1539 | Sewer    | Reached XP level 5. HP: 30/48 MP: 4/4
  1544 | Sewer    | Reached skill level 4 in Shapeshifting
  1547 | Sewer    | Reached skill level 5 in Unarmed Combat
  1733 | D:3      | Reached XP level 6. HP: 28/57 MP: 5/5
  2487 | D:4      | Identified the +10 whip of the Evening {elec, Str+2}
  2541 | D:4      | Reached XP level 7. HP: 65/65 MP: 6/6
  2688 | D:4      | Found a stormy altar of Qazlal.
  2802 | D:4      | Found a staircase to the Ecumenical Temple.
  2815 | Temple   | Entered the Ecumenical Temple
  2842 | Temple   | Became a worshipper of Makhleb the Destroyer
  2922 | D:4      | Reached skill level 12 in Shapeshifting
  2922 | D:4      | Reached XP level 8. HP: 72/72 MP: 7/7
  2963 | D:5      | Entered Level 5 of the Dungeon
  3504 | D:5      | Noticed Prince Ribbit
  3508 | D:5      | Killed Prince Ribbit
  3651 | D:5      | Noticed Duvessa
  3651 | D:5      | Noticed Dowan
  3656 | D:5      | Killed Duvessa
  3660 | D:5      | Killed Dowan
  3704 | D:5      | Noticed Sigmund
  3718 | D:5      | Killed Sigmund
  3719 | D:5      | Reached XP level 9. HP: 79/80 MP: 8/8
  3821 | D:5      | Found a runed translucent door.
  4060 | D:5      | Noticed Leszczynek's ghost (novice FoCA)
  4073 | D:5      | Killed Leszczynek's ghost
  4080 | D:5      | Identified a scroll of acquirement
  4080 | D:5      | Acquired the +5 kite shield of Wubi Hann {rPois Str+2}
  4133 | D:6      | Reached * piety under Makhleb
  4553 | D:6      | Reached ** piety under Makhleb
  4948 | D:6      | Identified the +0 scale mail of the Hall of Blades {rElec
                  | Stlth+}
  5101 | D:7      | Reached XP level 10. HP: 92/92 MP: 9/9
  5184 | D:7      | Found Penui's Distillery.
  5305 | D:7      | Identified the +9 quarterstaff of the Golden God {holy, rC+
                  | Str+2}
  5493 | D:8      | Reached skill level 1 in Invocations
  5624 | D:8      | Reached *** piety under Makhleb
  5802 | D:8      | Reached skill level 10 in Unarmed Combat
  5802 | D:8      | HP: 3/92 [killer bee (2)]
  5802 | D:8      | Slain by a killer bee

Illustrated notes

Levels and vault maps discovered:
D:1:      minmay_arrival_checkered_box, layout_loops_ring,
          shapermc_ecumenical_altar_rom_forum
D:2:      layout_loops_ring, serial_shops, nicolae_shop_hallway_stairs,
          basic_altar
D:3:      layout_loops_cross, cheibrodos_sewer_entry_bend,
          lexackson_kobold_supper
D:4:      layout_basic, grunt_qazlal_clouds, minmay_temple_entry_butterflies,
          minmay_misc_feat_rows
D:5:      minmay_evil_eye, layout_loops_corners, grunt_dithmenos_shadows,
          ebering_ghost_reflecting_pool, serial_park_tiny_2,
          grunt_decor_mini_mirrors, uniq_prince_ribbit1, uniq_sigmund,
          uniq_duvessa
D:6:      layout_basic, nicolae_half_adder
D:7:      layout_rooms, serial_shops, shop
D:8:      minmay_cornered_nines, layout_cave_pools, grunt_nemelex_the_gamble
Temple:   nicolae_temple_bog_church

Skill      XL: |  1  2  3  4  5  6  7  8  9 10 |
---------------+-------------------------------+-----
Fighting       | 1 2 3 4 |  4.1
Unarmed Combat | 4 5 6 7 9 10 | 10.0
Dodging        | 2 3 |  3.0
Shapeshifting  | 4 12 | 12.3
Invocations    | 1 |  1.3

Action                     |  1- 3 |  4- 6 |  7- 9 | 10-12 || total
---------------------------+-------+-------+-------+-------++-------
  Melee: Unarmed           |    84 |   145 |   243 |   103 ||   575
         Punch             |       |       |     5 |     4 ||     9
    Use: Scroll            |     2 |     5 |     6 |     4 ||    17
         Potion            |       |     1 |     1 |     1 ||     3
 Armour: Animal skin       |    29 |   106 |    98 |    76 ||   309
         Skin              |       |    15 |    33 |       ||    48
  Dodge: Dodged            |    29 |   165 |   200 |    92 ||   486
   Form: Blade             |       |       |     1 |       ||     1
         Flux              |       |       |     1 |       ||     1
